 Dungeon Crawl Stone Soup version 0.30-a0-824-g6c64550be9 (webtiles) character file.

Game seed: 11343110643171992635

347 qeuew the Slasher (level 6, 0/40 (43) HPs)
             Began as a Demonspawn Monk on Feb 27, 2023.
             Slain by a necrophage (3 damage)
             ... on level 4 of the Dungeon.
             The game lasted 00:03:42 (2386 turns).

qeuew the Slasher (Demonspawn Monk)                 Turns: 2386, Time: 00:03:42

HP:   0/40 (43)     AC:  5    Str: 10    XL:     6   Next: 33%
MP:   6/6           EV: 14    Int: 16    God:
Gold: 245           SH:  0    Dex: 14    Spells: 5/5 levels left

rFire   + . .      SeeInvis .    a - +0 falchion
rCold   . . .      Faith    .    (no shield)
rNeg    + . .      Spirit   .    f - +0 ring mail
rPois   .          Reflect  .    (no helmet)
rElec   .          Harm     .    (no cloak)
rCorr   .          Rampage  .    (no gloves)
Will    .....                    (no boots)
Stlth   +                        (no amulet)
HPRegen 0.26/turn                m - ring of protection from fire
MPRegen 0.10/turn                c - ring of positive energy

@: drained
A: repulsion field 2, weakness stinger 1, hooves 1, clever 1, clumsy 1, frail 1
a: no special abilities


You were on level 4 of the Dungeon.
You visited 1 branch of the dungeon, and saw 4 of its levels.

You collected 245 gold pieces.

Inventory:

Hand Weapons
 a - a +0 falchion (weapon)
Missiles
 n - 2 throwing nets
Armour
 f - a +0 ring mail (worn)
Jewellery
 c - a ring of positive energy (right hand)
 m - a ring of protection from fire (left hand)
Wands
 g - a wand of paralysis (9) (quivered)
Scrolls
 b - 2 scrolls of teleportation
 h - 3 scrolls of fear
Potions
 d - a potion of brilliance
 e - 2 potions of haste


   Skills:
 + Level 3.8 Fighting
 * Level 4.1 Long Blades
 * Level 3.1 Armour
 + Level 3.5 Dodging
 - Level 1.7 Stealth
 + Level 1.5 Evocations


You had 5 spell levels left.
You didn't know any spells.
Your spell library contained the following spells:

 Spells                   Type           Power      Damage    Failure   Level
 Dazzling Flash           Conj/Hex       0%         N/A       88%         3
 Agony                    Necr           0%         N/A       100%        5
 Silence                  Hex/Air        0%         N/A       100%        5


Dungeon Overview and Level Annotations

Branches:
Dungeon (4/15)
 Temple: D:4-7

Altars:

Annotations:
D:4 Ijyb


Innate Abilities, Weirdness & Mutations

You are surrounded by a moderate repulsion field. (EV +3)
You have a small tail.
You have large cloven feet.
Your mind is acute. (Int +4, Str/Dex -1)
You are clumsy. (Dex -2)
You are frail. (-10% HP)


Message History

You barely miss Ijyb.
Your tail-slap misses Ijyb.
Ijyb is heavily wounded.
The necrophage hits you. You partially resist.
You feel drained.
Ijyb zaps a wand.
The puff of flame misses you.
You hit Ijyb but do no damage.
Ijyb is heavily wounded.
The necrophage misses you. Ijyb hits you with a +0 club.
You closely miss Ijyb.
Your tail-slap misses Ijyb.
Ijyb is heavily wounded.
The necrophage barely misses you.
Ijyb zaps a wand.
The puff of flame misses you.
Unknown command.
You hit Ijyb but do no damage. Your kick misses Ijyb.
Ijyb is heavily wounded.
The necrophage hits you but does no damage.
Ijyb closely misses you.
You hit Ijyb.
Ijyb is heavily wounded.
The necrophage hits you.
* * * LOW HITPOINT WARNING * * *
You partially resist.
You feel drained. Ijyb hits you with a +0 club.
* * * LOW HITPOINT WARNING * * *
Okay, then.
Aiming: Paralyse
Press: ? - help, Q - select action, (/) - cycle Shift-Dir - straight line, f - Ijyb
Aim: Ijyb, wielding a +0 club, wearing a +0 chain mail and carrying a wand of flame (3) (heavily wounded, chance to affect: 62%) Ijyb suddenly stops moving!
The necrophage hits you.
* * * LOW HITPOINT WARNING * * *
Unknown command.
The helpless Ijyb fails to defend herself.
You hit Ijyb but do no damage. You kick Ijyb, but do no damage.
Ijyb is heavily wounded.
The necrophage hits you.
* * * LOW HITPOINT WARNING * * *
The helpless Ijyb fails to defend herself.
You hit Ijyb.
Ijyb is almost dead.
The necrophage hits you.
You die...

#.##.# # #.##.# #.
###....# .. #.
#...#..###### . ##.
##.#.†........# .
.###.#..g##.##.##..####.#
.###.... #........##..#
#.# ###.#...
#..##†#####..# #.#
.....#.. #...n@..!#...#
#.# ..!..#..
...#...g....#.^. #.#
..<..#.. ##.......##.#.#
#.#
......#†###.#..........#.#
#.#
.....###..)..#......###
#.# #.###.#......#......#
#.# ##.....#.....#.......
#.# #......#......####.###
#.# .#.....#.....### #.#
#.#


You could see a necrophage and Ijyb (paralysed).

Vanquished Creatures
  Grinder (D:3)
  A phantom (D:4)
  2 adders
  A gnoll (D:2)
  4 dart slugs
  An orc (D:2)
  2 bats (D:1)
  2 endoplasms
  3 giant cockroaches (D:2)
  8 goblins
  6 hobgoblins
  5 jackals
  4 quokkas
  7 ball pythons
  3 frilled lizards
  8 kobolds
  4 rats
62 creatures vanquished.

Vanquished Creatures (others)
  A hobgoblin (D:4)
1 creature vanquished.

Grand Total: 63 creatures vanquished

Notes
Turn   | Place    | Note
-------+----------+-------------------------------------------
     0 | D:1      | qeuew the Demonspawn Monk began the quest for the Orb.
     0 | D:1      | Reached XP level 1. HP: 18/18 MP: 1/1
    95 | D:1      | Gained mutation: You are surrounded by a mild repulsion
                  | field. (EV +2) [demonic ancestry]
    95 | D:1      | Reached XP level 2. HP: 19/24 MP: 2/2
   300 | D:1      | Reached skill level 3 in Long Blades
   300 | D:1      | Reached skill level 1 in Armour
   773 | D:1      | Gained mutation: You are surrounded by a moderate repulsion
                  | field. (EV +3) [demonic ancestry]
   773 | D:1      | Reached XP level 3. HP: 29/29 MP: 3/3
  1424 | D:2      | Gained mutation: You have a small tail. [demonic ancestry]
  1424 | D:2      | Reached XP level 4. HP: 24/35 MP: 4/4
  1721 | D:3      | Noticed Grinder
  1749 | D:3      | Paralysed by Grinder for 5 turns
  1773 | D:3      | Killed Grinder
  1774 | D:3      | Reached skill level 4 in Long Blades
  1774 | D:3      | Reached skill level 1 in Evocations
  1774 | D:3      | Reached XP level 5. HP: 37/42 MP: 5/5
  1774 | D:3      | Reached XP level 6. HP: 42/48 MP: 6/6
  2228 | D:3      | Gained mutation: Your mind is acute. (Int +4, Str/Dex -1)
                  | [potion of mutation]
  2228 | D:3      | Gained mutation: You are frail. (-10% HP) [potion of
                  | mutation]
  2228 | D:3      | Gained mutation: You are clumsy. (Dex -2) [potion of
                  | mutation]
  2228 | D:3      | Gained mutation: You have large cloven feet. [potion of
                  | mutation]
  2357 | D:4      | Noticed Ijyb
  2385 | D:4      | HP: 2/40 [necrophage (1)]
  2386 | D:4      | Slain by a necrophage

Illustrated notes

Levels and vault maps discovered:
D:1:      dpeg_arrival_castle, layout_basic
D:2:      minmay_razor_zed, layout_rooms, hangedman_decor_slide_cut,
          minmay_misc_feat_nine_boxes
D:3:      layout_basic, uniq_grinder
D:4:      nicolae_BIG_FREAKIN_CUBE, layout_loops_ring, uniq_ijyb

Skill      XL: |  1  2  3  4  5  6 |
---------------+-------------------+-----
Long Blades    | 3 4 |  4.1
Armour         | 1 2 3 |  3.1
Dodging        | 3 |  3.5
Evocations     | 1 |  1.5
Fighting       | |  3.8
Stealth        | |  1.7

Action                     |  1- 3 |  4- 6 || total
---------------------------+-------+-------++-------
  Melee: Falchion          |   125 |    82 ||   207
         Tailslap          |       |    13 ||    13
         Kick              |       |    15 ||    15
         Punch             |       |     1 ||     1
  Evoke: Wand              |       |     2 ||     2
    Use: Scroll            |     4 |     3 ||     7
         Potion            |     3 |     5 ||     8
   Stab: Sleeping          |     1 |       ||     1
         Paralysed         |       |     5 ||     5
 Armour: Robe              |     9 |       ||     9
         Ring mail         |    12 |    19 ||    31
  Dodge: Dodged            |   102 |    59 ||   161

Table legend: (Time is in decaauts)
 A = Elapsed time spent in this place.
 B = Non-inter-level travel time spent in this place.
 C = Inter-level travel time spent in this place.
 D = Time resting spent in this place.
 E = Time spent auto-exploring this place.
 F = Levels seen in this place.
 G = Mean time per level.
                   A        B        C        D        E       F      G
               +--------+--------+--------+--------+--------+-----+--------+
         Total |   2415 |   2316 |     99 |     19 |   1789 |   4 |  603.8 |
       Dungeon |   2415 |   2316 |     99 |     19 |   1789 |   4 |  603.8 |
               +--------+--------+--------+--------+--------+-----+--------+

Top non-repeatable levels by time:
     D:2: 846 daAuts
     D:1: 818 daAuts
     D:3: 607 daAuts
     D:4: 143 daAuts
